 Dungeon Crawl Stone Soup version 0.20.1-1-g8b1a95d (webtiles) character file.

579 Jukra the Cudgeler (level 7, 0/82 HPs)
             Began as a Demonspawn Abyssal Knight on Aug 27, 2017.
             Was a Believer of Lugonu.
             Slain by an orc warrior
             ... wielding a +0 long sword
              (1 damage)
             ... on level 5 of the Dungeon.
             The game lasted 00:20:33 (4554 turns).

Jukra the Cudgeler (Demonspawn Abyssal Knight)      Turns: 4554, Time: 00:20:33

Health: 0/82       AC: 23    Str: 14    XL:     7   Next: 13%
Magic:  8/8        EV:  2    Int: 13    God:    Lugonu [**....]
Gold:   254        SH:  0    Dex: 18    Spells: 6/6 levels left

rFire    . . .     SeeInvis .   d - +2 flail (crush)
rCold    . . .     Gourm    .   (no shield)
rNeg     + + +     Faith    .   (armour currently unavailable)
rPois    +         Spirit   .   (helmet currently unavailable)
rElec    .         Reflect  .   (cloak currently unavailable)
rCorr    .         Harm     .   (gloves currently unavailable)
MR       .....     Clarity  +   (boots currently unavailable) Stlth +++.......NoTele +
                                (no amulet)
Regen    0.3/turn               (no ring)
MPRegen  0.2/turn               (no ring)

@: agile, tree-form, hasted, very quick
A: clarity, rot immunity
a: Depart the Abyss, Bend Space, Renounce Religion


You were on level 5 of the Dungeon.
You worshipped Lugonu.
Lugonu was pleased with you.
You were not hungry.
You were a tree.
You visited 1 branch of the dungeon, and saw 5 of its levels.
You visited the Abyss 1 time.

You collected 254 gold pieces.

Inventory:

Hand Weapons
 a - a +1 mace
 d - a +2 flail of crushing (weapon)
 h - a +0 blowgun
 j - a +0 whip
 n - a +0 long sword
 u - a +0 dagger of draining
 y - a +0 great sword
Armour
 b - a +0 leather armour
 i - a +2 hat (melded)
 l - a +2 cloak
 o - a +3 scale mail (melded)
 s - a scarf of repulsion (melded)
Wands
 q - a wand of paralysis (8/24)
Scrolls
 e - a scroll of teleportation
 m - a scroll of immolation
 r - 2 scrolls of recharging
 v - 2 scrolls of identify
Potions
 x - a potion of agility
Comestibles
 c - 7 bread rations
 g - 4 meat rations
 k - 2 royal jellies
 t - 3 fruits
 w - 3 chunks of flesh


   Skills:
 + Level 4.3 Fighting
 + Level 5.0 Maces & Flails
 + Level 3.2 Armour
 + Level 2.7 Dodging
 + Level 1.0 Stealth
 + Level 2.6 Invocations


You had 6 spell levels left.
You didn't know any spells.

Dungeon Overview and Level Annotations

Branches:
Dungeon (5/15)
 Temple: D:4-7

Altars:
Elyvilon

Shops:
D:5 =


Innate Abilities, Weirdness & Mutations

You are immune to rotting.
((When seriously injured, your bleeding wounds create thick armour. (AC +0)))
You possess an exceptional clarity of mind.


Message History

You hit the orc warrior but do no damage.
The orc warrior is severely wounded.
The orc warrior hits you with a long sword.
* * * LOW HITPOINT WARNING * * *
It was a potion of haste.
You feel yourself speed up.
The orc warrior hits you but does no damage.
It was a potion of agility.
You feel agile all of a sudden.
The orc warrior hits you but does no damage.
You cannot teleport because you are held in place by your roots.
You hit the orc warrior but do no damage.
The orc warrior is severely wounded.
You hit the orc warrior.
The orc warrior is almost dead.
The orc warrior hits you with a long sword.
* * * LOW HITPOINT WARNING * * *
You barely miss the orc warrior.
The orc warrior is almost dead.
The orc warrior hits you with a long sword.
You die...

#.#( .$.. ## #.#.
.## ... .... 8o.
.....
#####o####.....
..!..o.o...#
#.#####..########
#(..♣oo.....#...#
######o.....#...#
#......#...#
#......#...# .#
##.....'..#
...##....##..######
.........##..##..#.
#........+.........
...................


You could see an orc warrior and 2 orcs.

Vanquished Creatures
  An ogre (D:5)
  A centaur (D:5)
  A scorpion (D:5)
  An orc priest (D:5)
  3 orc wizards
  2 worker ants (D:4)
  A hound zombie (D:5)
  A worker ant zombie (D:5)
  3 gnolls (D:5)
  6 adders
  An ooze (D:1)
  An adder skeleton (D:4)
  5 dart slugs
  3 leopard geckos
  7 orcs
  4 giant cockroaches
  3 goblins
  9 hobgoblins
  7 jackals
  5 kobolds
  5 quokkas (D:4)
  7 bats
  2 frilled lizards
  A quokka skeleton (D:4)
  8 rats
88 creatures vanquished.

Vanquished Creatures (others)
  A leopard gecko (D:2)
1 creature vanquished.

Grand Total: 89 creatures vanquished

Notes
Turn   | Place    | Note
-------+----------+-------------------------------------------
     0 | Abyss:1  | Jukra the Demonspawn Abyssal Knight began the quest for the Orb.
     0 | Abyss:1  | Reached XP level 1. HP: 18/18 MP: 2/2
     0 | Abyss:1  | Found a corrupted altar of Lugonu.
    93 | Abyss:1  | Noticed a black mamba skeleton
    98 | Abyss:1  | Noticed a small abomination
   105 | D:1      | Escaped the Abyss
   418 | D:1      | Reached skill level 2 in Maces & Flails
   418 | D:1      | Reached skill level 1 in Dodging
   418 | D:1      | Gained mutation: You are immune to rotting. [demonic ancestry]
   418 | D:1      | Reached XP level 2. HP: 17/24 MP: 3/3
   865 | D:1      | Reached * piety under Lugonu
  1053 | D:1      | You fall through a shaft!
  1155 | D:2      | Gained mutation: When seriously injured, your bleeding wounds create armour. (AC +0) [demonic ancestry]
  1155 | D:2      | Reached XP level 3. HP: 29/29 MP: 4/4
  1449 | D:2      | Found a white marble altar of Elyvilon.
  2000 | D:3      | Reached XP level 4. HP: 13/35 MP: 5/5
  2465 | D:3      | Gained mutation: You possess an exceptional clarity of mind. [potion of mutation]
  2465 | D:3      | Lost mutation: You possess an exceptional clarity of mind. [potion of mutation]
  2465 | D:3      | Gained mutation: You possess an exceptional clarity of mind. [potion of mutation]
  2501 | D:3      | Reached ** piety under Lugonu
  3341 | D:4      | Reached XP level 5. HP: 34/42 MP: 6/6
  3347 | D:4      | Reached skill level 3 in Maces & Flails
  3859 | D:5      | Entered Level 5 of the Dungeon
  3887 | D:5      | Noticed an ogre
  3897 | D:5      | Reached XP level 6. HP: 19/48 MP: 7/7
  3901 | D:5      | Reached skill level 4 in Maces & Flails
  4083 | D:5      | Found Veob's Jewellery Shop.
  4370 | D:5      | Reached skill level 1 in Stealth
  4503 | D:5      | Gained mutation: When seriously injured, your bleeding wounds create thick armour. (AC +0) [demonic ancestry]
  4503 | D:5      | Reached XP level 7. HP: 54/54 MP: 8/8
  4544 | D:5      | Reached skill level 5 in Maces & Flails
  4549 | D:5      | HP: 2/82 [orc warrior/long sword (5)]
  4554 | D:5      | Slain by an orc warrior

Skill      XL: |  1  2  3  4  5  6  7 |
---------------+----------------------+-----
Maces & Flails | 2 3 4 5 |  5.0
Dodging        | 1 2 |  2.7
Armour         | 2 3 |  3.2
Fighting       | 4 |  4.3
Stealth        | 1 |  1.0
Invocations    | |  2.6

Action                   |  1- 3 |  4- 6 |  7- 9 || total
-------------------------+-------+-------+-------++-------
Melee: Mace              |   149 |    15 |       ||   164
       Flail             |       |   159 |    32 ||   191
Invok: Depart the Abyss  |     1 |       |       ||     1
  Use: Scroll            |       |    17 |       ||    17
       Potion            |       |     5 |     3 ||     8
  Eat: Chunk             |     3 |     2 |       ||     5
       Fruit             |     1 |     2 |       ||     3
       Bread ration      |       |     1 |       ||     1
Armor: Leather armour    |    96 |     6 |       ||   102
       Scale mail        |       |   114 |    10 ||   124
       Skin              |       |       |     2 ||     2
Dodge: Dodged            |   159 |    98 |    24 ||   281
       Deflected         |       |     1 |     2 ||     3
